 Dungeon Crawl Stone Soup version 0.21.1-1-g345015f (webtiles) character file.

357 tidbits the Charmwright (level 6, 0/51 HPs)
             Began as a Gnoll Skald on June 22, 2018.
             Was a Follower of Cheibriados.
             Slain by a wight
             ... wielding a +5 dire flail of freezing
              (1 damage)
             ... on level 6 of the Dungeon.
             The game lasted 00:08:58 (959 turns).

tidbits the Charmwright (Gnoll Skald)                Turns: 959, Time: 00:08:59

Health: 0/51       AC:  3    Str: 15    XL:     6   Next: 64%
Magic:  11/14      EV: 15    Int: 20    God:    Cheibriados [*.....]
Gold:   105        SH:  0    Dex: 16    Spells: 4/15 levels left

rFire    . . .     SeeInvis .   a - +0 hand axe
rCold    . . .     Gourm    .   (no shield)
rNeg     . . .     Faith    .   B - +0 robe (curse)
rPois    .         Spirit   .   E - +0 helmet
rElec    .         Reflect  .   (no cloak)
rCorr    .         Harm     .   (no gloves)
MR       .....                  (no boots)
Stlth    +++.......             (no amulet)
HPRegen  0.17/turn              f - ring of stealth
MPRegen  0.14/turn              v - ring of wizardry

@: singing, drained, very slow
A: distributed training, fangs 1, strong nose
a: Bend Time, Renounce Religion


You were on level 6 of the Dungeon.
You worshipped Cheibriados.
Cheibriados was aware of your devotion.
You were not hungry.

You visited 1 branch of the dungeon, and saw 6 of its levels.

You collected 105 gold pieces.

Inventory:

Hand Weapons
 a - a +0 hand axe (weapon)
 e - a +0 whip of draining
   (You found it on level 1 of the Dungeon)
 j - a +0 trident
 p - a +0 hunting sling
Missiles
 h - 22 arrows
 k - 8 tomahawks (quivered)
 o - 27 stones
 t - 19 sling bullets
Armour
 b - a +0 leather armour
 y - a +0 shield
 z - the +3 chain mail of Ykle Wos {Str+7, unknown}
   (You found it on level 4 of the Dungeon)

   It affects your strength (+7).
 B - a cursed +0 robe (worn)
 E - a +0 helmet (worn)
Jewellery
 f - a ring of stealth (left hand)
   (You found it on level 1 of the Dungeon)
 v - a ring of wizardry (right hand)
   (You found it on level 3 of the Dungeon)
Wands
 u - a wand of disintegration (11)
Scrolls
 g - 3 scrolls of identify {unknown}
 i - a scroll of fog {unknown}
 m - 2 scrolls of remove curse {unknown}
 n - a scroll of enchant weapon {unknown}
 q - 4 scrolls of teleportation {unknown}
 x - a scroll of noise {unknown}
Potions
 r - a potion of lignification {unknown}
 s - a potion of mutation {unknown}
 w - a potion of invisibility {unknown}
Books
 d - a book of Battle

   Spells                             Type                      Level
   a - Infusion                       Charms                       1
   b - Shroud of Golubria             Charms/Translocation         2
   c - Song of Slaying                Charms                       2
   d - Spectral Weapon                Hexes/Charms                 3
   e - Regeneration                   Charms/Necromancy            3
Comestibles
 c - 3 rations


   Skills:
 + Level 5.0(4.6) Fighting
 + Level 2.0(1.7) Short Blades
 + Level 2.0(1.7) Long Blades
 + Level 5.0(4.6) Axes
 + Level 2.0(1.7) Maces & Flails
 + Level 2.0(1.7) Polearms
 + Level 2.0(1.7) Staves
 + Level 2.0(1.7) Slings
 + Level 2.0(1.7) Bows
 + Level 2.0(1.7) Crossbows
 + Level 2.0(1.7) Throwing
 + Level 3.3(2.9) Armour
 + Level 5.0(4.6) Dodging
 + Level 2.0(1.7) Stealth
 + Level 2.0(1.7) Shields
 + Level 2.0(1.7) Unarmed Combat
 + Level 5.4(5.0) Spellcasting
 + Level 1.6(1.2) Conjurations
 + Level 1.6(1.2) Hexes
 + Level 5.7(5.3) Charms
 + Level 1.6(1.2) Summonings
 + Level 1.6(1.2) Necromancy
 + Level 1.6(1.2) Translocations
 + Level 1.6(1.2) Transmutations
 + Level 1.6(1.2) Fire Magic
 + Level 1.6(1.2) Ice Magic
 + Level 1.6(1.2) Air Magic
 + Level 1.6(1.2) Earth Magic
 + Level 1.6(1.2) Poison Magic
 + Level 2.2(1.9) Invocations
 + Level 2.0(1.7) Evocations


You had 4 spell levels left.
You knew the following spells:

 Your Spells              Type           Power        Failure   Level  Hunger
g - Shroud of Golubria    Chrm/Tloc      ###.......   1%          2    None
i - Infusion              Chrm           ####         1%          1    None
r - Regeneration          Chrm/Necr      ###.......   3%          3    ##.....
w - Spectral Weapon       Hex/Chrm       ###.....     3%          3    ##.....
y - Song of Slaying       Chrm           ####....     1%          2    None


Dungeon Overview and Level Annotations

Branches:
Dungeon (6/15)             Temple (0/1) D:4

Altars:
Cheibriados
Elyvilon
Fedhas
Okawaru
Qazlal

Annotations:
D:3 sking99's ghost, amateur NaEn


Innate Abilities, Weirdness & Mutations

Your experience applies equally to all skills.
You have very sharp teeth.
Your uncanny sense of smell can sniff out nearby items.


Message History

Your spectral weapon is burned by acid!
Your spectral weapon shares its damage with you!
The jelly hits your spectral weapon but does no damage.
The adder skeleton bites you but does no damage.
You hit the adder skeleton but do no damage.
The adder skeleton is severely damaged.
Your spectral weapon barely misses the adder skeleton.
Your spectral weapon hits the jelly!
Your spectral weapon is burned by acid!
Your spectral weapon shares its damage with you!
The adder skeleton misses you.
The jelly hits your spectral weapon but does no damage.
The adder skeleton bites you.
You barely miss the adder skeleton. You bite the adder skeleton.
The adder skeleton is severely damaged.
Your spectral weapon hits the adder skeleton.
You destroy the adder skeleton!
Cheibriados appreciates the change of pace.
Your spectral weapon hits the jelly.
Your spectral weapon is burned by acid!
Your spectral weapon shares its damage with you!
The jelly closely misses your spectral weapon.
You swap places.
The jelly closely misses you.
You barely miss the jelly.
The jelly is almost dead.
Your spectral weapon barely misses the jelly.
The jelly hits you.
You are splashed with acid!
The acid burns!
You hit the jelly.
You kill the jelly!
Cheibriados thoroughly appreciates the change of pace.
Your Fighting skill increases to level 5!
Your Axes skill increases to level 5!
Your Dodging skill increases to level 5!
A wight comes into view. It is wielding an enchanted long sword.
You hit the wight but do no damage.
Your spectral weapon hits the wight!
The wight hits you with an enchanted battleaxe!
* * * LOW HITPOINT WARNING * * *
The wight hits your spectral weapon with an enchanted battleaxe.
Your spectral weapon shares its damage with you!
* * * LOW HITPOINT WARNING * * *
A wight comes into view.
It is wielding a dire flail of freezing.
You closely miss the wight.
The wight is heavily damaged.
Your spectral weapon closely misses the wight.
The wight hits you with an enchanted battleaxe!
* * * LOW HITPOINT WARNING * * *
The wight barely misses your spectral weapon.
It was a potion of curing.
You feel better.
Unknown command.
You hit the wight.
The wight is severely damaged.
Your spectral weapon hits the wight but does no damage.
You barely miss the wight.
The wight is severely damaged.
You hit the wight but do no damage.
Your spectral weapon hits the wight!
You destroy the wight!
Cheibriados appreciates the change of pace.
Your Short Blades skill increases to level 2!
Your Long Blades skill increases to level 2!
Your Maces & Flails skill increases to level 2!
Your Polearms skill increases to level 2!
Your Staves skill increases to level 2!
Your Slings skill increases to level 2!
Your Bows skill increases to level 2!
Your Crossbows skill increases to level 2!
Your Throwing skill increases to level 2!
Your Stealth skill increases to level 2!
Your Shields skill increases to level 2!
Your Unarmed Combat skill increases to level 2!
Your Evocations skill increases to level 2!
The wight hits you with an enchanted mace!
* * * LOW HITPOINT WARNING * * *
You feel drained.
You feel better.
Unknown command.
You hit the wight but do no damage.
Your spectral weapon hits the wight.
The wight closely misses you.
You hit the wight.
The wight is moderately damaged.
You closely miss the wight.
Your spectral weapon hits the wight but does no damage.
The wight closely misses you.
You hit the wight. Your bite misses the wight.
The wight is severely damaged.
You hit the wight but do no damage. x2
Your spectral weapon hits the wight but does no damage. x2
The wight hits you with an enchanted long sword.
* * * LOW HITPOINT WARNING * * *
The wight barely misses you.
The wight closely misses your spectral weapon.
You barely miss the wight.
The wight is severely damaged.
You barely miss the wight. You hit the wight but do no damage.
Your spectral weapon hits the wight but does no damage.
Your spectral weapon hits the wight.
The wight hits you with an enchanted long sword.
* * * LOW HITPOINT WARNING * * *
The wight hits you with a dire flail of freezing.
* * * LOW HITPOINT WARNING * * *
The wight freezes you.
You die...

#(#§.. .#...
∆ ..._ ...
### .. #.#
### #.###.#
...#
#.#..z##....#
#...(@z'....#
###..z##....#
#.### ###..
#.#
#####.####
#........#
#.########
#.# #.#


You could see 3 wights and a friendly spectral hand axe.

Vanquished Creatures
  A scorpion (D:4)
  A wight (D:6)
  A howler monkey (D:4)
  2 hounds (D:4)
  A jelly (D:6)
  Ijyb (D:3)
  3 adders
  An adder skeleton (D:6)
  A dart slug (D:3)
  2 orcs (D:3)
  6 bats
  2 giant cockroaches
  6 goblins
  2 hobgoblins (D:3)
  8 jackals
  7 kobolds
  A quokka (D:3)
  3 ball pythons
  4 frilled lizards (D:2)
  A leopard gecko skeleton (D:4)
  A quokka skeleton (D:5)
  3 rats
58 creatures vanquished.

Vanquished Creatures (others)
  An orc wizard (D:3)
1 creature vanquished.

Grand Total: 59 creatures vanquished

Notes
Turn   | Place    | Note
-------+----------+-------------------------------------------
     0 | D:1      | tidbits the Gnoll Skald began the quest for the Orb.
     0 | D:1      | Reached XP level 1. HP: 20/20 MP: 6/6
    28 | D:1      | Reached XP level 2. HP: 21/26 MP: 0/7
    32 | D:1      | Learned a level 2 spell: Song of Slaying
    35 | D:1      | Learned a level 2 spell: Shroud of Golubria
   270 | D:2      | Reached XP level 3. HP: 31/31 MP: 6/9
   275 | D:2      | Reached skill level 5 in Spellcasting
   287 | D:2      | Reached skill level 1 in Invocations
   337 | D:3      | Noticed sking99's ghost (amateur NaEn)
   344 | D:2      | Learned a level 3 spell: Regeneration
   348 | D:2      | Learned a level 3 spell: Spectral Weapon
   428 | D:2      | Found a snail-covered altar of Cheibriados.
   436 | D:2      | Became a worshipper of Cheibriados the Contemplative
   443 | D:3      | Noticed Ijyb
   451 | D:3      | Killed Ijyb
   451 | D:3      | Reached skill level 1 in Short Blades
   451 | D:3      | Reached skill level 1 in Long Blades
   451 | D:3      | Reached skill level 1 in Maces & Flails
   451 | D:3      | Reached skill level 1 in Polearms
   451 | D:3      | Reached skill level 1 in Staves
   451 | D:3      | Reached skill level 1 in Slings
   451 | D:3      | Reached skill level 1 in Bows
   451 | D:3      | Reached skill level 1 in Crossbows
   451 | D:3      | Reached skill level 1 in Throwing
   451 | D:3      | Reached skill level 1 in Stealth
   451 | D:3      | Reached skill level 1 in Shields
   451 | D:3      | Reached skill level 1 in Unarmed Combat
   451 | D:3      | Reached skill level 1 in Evocations
   451 | D:3      | Reached XP level 4. HP: 18/38 MP: 7/11
   565 | D:4      | Reached skill level 1 in Conjurations
   565 | D:4      | Reached skill level 1 in Hexes
   565 | D:4      | Reached skill level 1 in Summonings
   565 | D:4      | Reached skill level 1 in Necromancy
   565 | D:4      | Reached skill level 1 in Translocations
   565 | D:4      | Reached skill level 1 in Transmutations
   565 | D:4      | Reached skill level 1 in Fire Magic
   565 | D:4      | Reached skill level 1 in Ice Magic
   565 | D:4      | Reached skill level 1 in Air Magic
   565 | D:4      | Reached skill level 1 in Earth Magic
   565 | D:4      | Reached skill level 1 in Poison Magic
   565 | D:4      | Reached XP level 5. HP: 40/43 MP: 5/12
   575 | D:4      | Reached skill level 3 in Armour
   601 | D:4      | Reached XP level 6. HP: 49/50 MP: 5/13
   619 | D:4      | Found an iron altar of Okawaru.
   686 | D:3      | Reached skill level 2 in Invocations
   696 | D:3      | Found a blossoming altar of Fedhas.
   735 | D:4      | Found a white marble altar of Elyvilon.
   757 | D:4      | Reached * piety under Cheibriados
   767 | D:4      | Found a staircase to the Ecumenical Temple.
   802 | D:4      | Got a faintly humming chain mail
   841 | D:5      | Entered Level 5 of the Dungeon
   933 | D:6      | Found a stormy altar of Qazlal.
   949 | D:6      | Reached skill level 5 in Fighting
   949 | D:6      | Reached skill level 5 in Axes
   949 | D:6      | Reached skill level 5 in Dodging
   951 | D:6      | HP: 5/51 [wight/enchanted battleaxe (12)]
   954 | D:6      | Reached skill level 2 in Short Blades
   954 | D:6      | Reached skill level 2 in Long Blades
   954 | D:6      | Reached skill level 2 in Maces & Flails
   954 | D:6      | Reached skill level 2 in Polearms
   954 | D:6      | Reached skill level 2 in Staves
   954 | D:6      | Reached skill level 2 in Slings
   954 | D:6      | Reached skill level 2 in Bows
   954 | D:6      | Reached skill level 2 in Crossbows
   954 | D:6      | Reached skill level 2 in Throwing
   954 | D:6      | Reached skill level 2 in Stealth
   954 | D:6      | Reached skill level 2 in Shields
   954 | D:6      | Reached skill level 2 in Unarmed Combat
   954 | D:6      | Reached skill level 2 in Evocations
   959 | D:6      | HP: 5/51 [wight/enchanted long sword (5)]
   959 | D:6      | HP: 1/51 [wight/dire flail of freezing (4)]
   959 | D:6      | Slain by a wight

Skill      XL: |  1  2  3  4  5  6 |
---------------+-------------------+-----
Spellcasting   | 5 |  5.4
Invocations    | 1 2 |  2.2
Short Blades   | 1 2 |  2.0
Long Blades    | 1 2 |  2.0
Maces & Flails | 1 2 |  2.0
Polearms       | 1 2 |  2.0
Staves         | 1 2 |  2.0
Slings         | 1 2 |  2.0
Bows           | 1 2 |  2.0
Crossbows      | 1 2 |  2.0
Throwing       | 1 2 |  2.0
Stealth        | 1 2 |  2.0
Shields        | 1 2 |  2.0
Unarmed Combat | 1 2 |  2.0
Evocations     | 1 2 |  2.0
Conjurations   | 1 |  1.6
Hexes          | 1 |  1.6
Summonings     | 1 |  1.6
Necromancy     | 1 |  1.6
Translocations | 1 |  1.6
Transmutations | 1 |  1.6
Fire Magic     | 1 |  1.6
Ice Magic      | 1 |  1.6
Air Magic      | 1 |  1.6
Earth Magic    | 1 |  1.6
Poison Magic   | 1 |  1.6
Armour         | 3 |  3.3
Fighting       | 5 |  5.0
Axes           | 5 |  5.0
Dodging        | 5 |  5.0
Charms         | |  5.7

Action                   |  1- 3 |  4- 6 || total
-------------------------+-------+-------++-------
Melee: Whip              |    75 |    23 ||    98
       Bite              |     3 |     8 ||    11
       Hand axe          |       |    35 ||    35
 Cast: Infusion          |     1 |       ||     1
       Song of Slaying   |     5 |     7 ||    12
       Spectral Weapon   |     1 |     9 ||    10
       Regeneration      |       |     3 ||     3
       Shroud of Golubri |       |     1 ||     1
  Use: Potion            |       |     2 ||     2
  Eat: Chunk             |       |     1 ||     1
Armor: Leather armour    |    14 |       ||    14
       Robe              |     6 |     9 ||    15
Dodge: Dodged            |    45 |    52 ||    97

Table legend:
 A = Turns spent in this place as a percentage of turns spent in the entire game.
 B = Non-inter-level travel turns spent in this place as a percentage of non-inter-level travel turns spent in the entire game.
 C = Inter-level travel turns spent in this place as a percentage of turns spent in this place.
 D = Turns resting spent in this place as a percentage of non-inter-level travel turns spent in this place.
 E = Turns spent auto-exploring this place as a percentage of non-inter-level travel turns spent in this place.
 F = Non-inter-level travel turns spent in this place divided by the number of levels of this place that you've seen.
                   A       B       C       D       E      F
               +-------+-------+-------+-------+-------+----------------------
         Total | 100.0 | 100.0 |   0.0 |   0.0 |   0.0 | 159.8
       Dungeon | 100.0 | 100.0 |   0.0 |   0.0 |   0.0 | 159.8
               +-------+-------+-------+-------+-------+----------------------

Table legend:
 A = Kills in this place as a percentage of kills in entire the game.
 B = Kills by you in this place as a percentage of kills by you in the entire game.
 C = Kills by friends in this place as a percentage of kills by friends in the entire game.
 D = Other kills in this place as a percentage of other kills in the entire game.
 E = Experience gained in this place as a percentage of experience gained in the entire game.
 F = Experience gained in this place divided by the number of levels of this place that you have seen.
                   A       B       C       D       E      F
               +-------+-------+-------+-------+-------+----------------------
         Total | 100.0 | 100.0 |   N/A | 100.0 | 100.0 |  85.0
       Dungeon | 100.0 | 100.0 |   N/A | 100.0 | 100.0 |  85.0
               +-------+-------+-------+-------+-------+----------------------

Vault maps used:
D:1:      lightli_arrival_noodles, minmay_pentomino_r2
D:2:      cheibriados_altar_1, minmay_vboxes
D:3:      lemuel_crystal_altar, first_ration, uniq_ijyb
D:4:      okawaru_ov_weapons_minmay, elyvilon_altar_3,
          minmay_temple_entry_crystal_x, serial_bayou_crossing
D:5:      uniq_blork_the_orc, uniq_grinder
D:6:      old_standard_altar, grunt_qazlal_clouds
